[Event "95th Caplin Hastings Congress"]
[Site "Hastings"]
[Date "2020.01.03"]
[Round "7.34"]
[White "Chapman, Matt"]
[Black "Persson, Andreas"]
[Result "1-0"]
[ECO "D02"]
[WhiteElo "1953"]
[BlackElo "2129"]
[Annotator "NA"]
[PlyCount "89"]
[EventDate "2019.12.28"]
[EventType "swiss"]
[EventCountry "ENG"]
[SourceTitle "playchess.com"]
[Source "ChessBase"]
[SourceQuality "1"]
[TimeControl "40/6600+30:3000+30"]

1. d4 Nf6 2. Nf3 d5 3. Bf4 c5 4. e3 Nc6 5. Nbd2 e6 6. c3 cxd4 7. exd4 Nh5 8. Be3 Bd6 9. Ne5 g6 10. Nd3 O-O 11. g3 b6 12. Bg2 Ba6 13. Nf3 Ne7 14. O-O Nf5 15. Bc1 Nf6 16. Re1 Rc8 17. Bf4 Bxd3 18. Bxd6 Nxd6 19. Qxd3 Nc4 20. Re2 Qc7 21. Ne5 Nxe5 22. Rxe5 Qc4 23. Qf3 Kg7 24. Bf1 Qa4 25. Bd3 b5 26. a3 Rc7 27. h4 h5 28. Ree1 Qa5 29. Qe2 Rb8 30. Kg2 Qb6 31. f3 Qd6 32. Qe3 a5 33. Kh3 b4 34. axb4 axb4 35. Ra6 Rb6 36. Rxb6 Qxb6 37. Qe5 bxc3 38. g4 c2 39. g5 c1=Q 40. Qxf6+ Kh7 41. Rxc1 Rxc1 42. Qxf7+ Kh8 43. Qf8+ Kh7 44. Bxg6+ Kxg6 45. Qg8+ 1-0

[Event "95th Caplin Hastings Congress"]
[Site "Hastings"]
[Date "2020.01.03"]
[Round "7.35"]
[White "Drastik, Penelope"]
[Black "Hutchinson, Paul A"]
[Result "0-1"]
[ECO "D52"]
[WhiteElo "1802"]
[BlackElo "2112"]
[Annotator "NA"]
[PlyCount "50"]
[EventDate "2019.12.28"]
[EventType "swiss"]
[EventCountry "ENG"]
[SourceTitle "playchess.com"]
[Source "ChessBase"]
[SourceQuality "1"]
[TimeControl "40/6600+30:3000+30"]

1. d4 d5 2. c4 e6 3. Nc3 Nf6 4. Bg5 c6 5. e3 Nbd7 6. Nf3 Qa5 7. Be2 Ne4 8. O-O Bb4 9. Qc2 Bxc3 10. bxc3 Qxc3 11. Rfc1 Qxc2 12. Rxc2 Nxg5 13. Nxg5 dxc4 14. Bxc4 Nb6 15. Bd3 f6 16. Ne4 Ke7 17. a4 a5 18. Nd2 Nd5 19. Rc5 Bd7 20. Nb3 b6 21. Rcc1 Nb4 22. Be4 Rab8 23. f4 h6 24. Rf1 f5 25. Bf3 Nc2 0-1

[Event "95th Caplin Hastings Congress"]
[Site "Hastings"]
[Date "2020.01.03"]
[Round "7.36"]
[White "White, Stuart A"]
[Black "Garnett, John S"]
[Result "1-0"]
[ECO "A52"]
[WhiteElo "2106"]
[BlackElo "1865"]
[Annotator "NA"]
[PlyCount "61"]
[EventDate "2019.12.28"]
[EventType "swiss"]
[EventCountry "ENG"]
[SourceTitle "playchess.com"]
[Source "ChessBase"]
[SourceQuality "1"]
[TimeControl "40/6600+30:3000+30"]

1. d4 Nf6 2. c4 e5 3. dxe5 Ng4 4. e3 Nxe5 5. f4 Nec6 6. Nc3 Bb4 7. Bd2 d6 8. Bd3 Nd7 9. Nf3 Nf6 10. Qc2 Bxc3 11. Bxc3 Qe7 12. O-O-O Bd7 13. Kb1 O-O-O 14. e4 Rhe8 15. Rde1 Nh5 16. g3 Qf8 17. Rhf1 g6 18. Ka1 Kb8 19. b4 f6 20. b5 Ne7 21. Nd4 Ng7 22. Qb2 Nc8 23. Nc6+ bxc6 24. bxc6+ Nb6 25. cxd7 Re6 26. a4 Ka8 27. Qb5 Rb8 28. Qc6+ Rb7 29. f5 d5 30. d8=Q+ Qxd8 31. fxe6 1-0

[Event "95th Caplin Hastings Congress"]
[Site "Hastings"]
[Date "2020.01.03"]
[Round "7.37"]
[White "Shivika Rohilla"]
[Black "Willson, Ollie"]
[Result "0-1"]
[ECO "B48"]
[WhiteElo "1803"]
[BlackElo "2082"]
[Annotator "NA"]
[PlyCount "86"]
[EventDate "2019.12.28"]
[EventType "swiss"]
[EventCountry "ENG"]
[SourceTitle "playchess.com"]
[Source "ChessBase"]
[SourceQuality "1"]
[TimeControl "40/6600+30:3000+30"]

1. e4 c5 2. Nf3 e6 3. d4 cxd4 4. Nxd4 Nc6 5. Nc3 Qc7 6. Be3 a6 7. Qf3 Nf6 8. O-O-O Ne5 9. Qg3 d6 10. Be2 h5 11. f4 Neg4 12. h3 h4 13. Qf3 Nxe3 14. Qxe3 b5 15. Bf3 Bb7 16. f5 e5 17. Nb3 Rc8 18. Qd3 b4 19. Ne2 a5 20. Kb1 a4 21. Na1 Qb6 22. c4 Be7 23. b3 Nd7 24. Nc1 Nc5 25. Qe2 axb3 26. axb3 Ra8 27. Rd2 Bg5 28. Rb2 Ra3 29. Na2 O-O 30. Rf1 Rfa8 31. Re1 Bc6 32. Qd1 Qa6 33. Qc2 Qb7 34. Re2 Bf4 35. Re1 R8a7 36. Re2 Qa8 37. g4 hxg3 38. Bg2 f6 39. Bf3 Be8 40. Qd1 Bc6 41. Qc2 g6 42. fxg6 f5 43. Bg2 Bxe4 0-1

[Event "95th Caplin Hastings Congress"]
[Site "Hastings"]
[Date "2020.01.03"]
[Round "7.38"]
[White "Wall, Tim P"]
[Black "Mineev, Sergey I."]
[Result "1-0"]
[ECO "A49"]
[WhiteElo "2218"]
[BlackElo "1588"]
[Annotator "NA"]
[PlyCount "87"]
[EventDate "2019.12.28"]
[EventType "swiss"]
[EventCountry "ENG"]
[SourceTitle "playchess.com"]
[Source "ChessBase"]
[SourceQuality "1"]
[TimeControl "40/6600+30:3000+30"]

1. d4 Nf6 2. Nf3 g6 3. g3 Bg7 4. Bg2 O-O 5. O-O d6 6. b3 Nc6 7. Bb2 Nh5 8. e4 e5 9. dxe5 Nxe5 10. Nxe5 Bxe5 11. Nc3 Rb8 12. a4 f5 13. f4 Bxc3 14. Bxc3 fxe4 15. Bxe4 c6 16. a5 d5 17. Bf3 Nf6 18. Qd4 b6 19. axb6 axb6 20. b4 Qd6 21. b5 c5 22. Qe5 Qxe5 23. Bxe5 Bh3 24. Bxf6 Rxf6 25. Bxd5+ Be6 26. Rfd1 Bxd5 27. Rxd5 Rb7 28. Kf2 Kf7 29. Rad1 Re6 30. Rd7+ Re7 31. Rxb7 Rd7 32. Rc7 Rxc7 33. Rd5 Rb7 34. Rd6 Ke7 35. Rc6 Kf7 36. Ke3 Re7+ 37. Kd3 Rd7+ 38. Kc3 Rb7 39. Kc4 Ke7 40. c3 Kf7 41. Kd5 Rd7+ 42. Rd6 Ke7 43. Rxd7+ Kxd7 44. g4 {[%emt 0:00:56] Kd6+ Ke4 Kd5+} 1-0

[Event "95th Caplin Hastings Congress"]
[Site "Hastings"]
[Date "2020.01.03"]
[Round "7.39"]
[White "Price, Gwilym"]
[Black "Spanton, Tim R"]
[Result "1/2-1/2"]
[ECO "B35"]
[WhiteElo "2110"]
[BlackElo "1854"]
[Annotator "ChessBase"]
[PlyCount "37"]
[EventDate "2019.12.28"]
[EventType "swiss"]
[EventCountry "ENG"]
[SourceTitle "playchess.com"]
[Source "ChessBase"]
[SourceQuality "1"]
[TimeControl "40/6600+30:3000+30"]

1. e4 c5 2. Nf3 g6 3. d4 cxd4 4. Nxd4 Nc6 5. Nc3 Bg7 6. Be3 Nf6 7. Bc4 O-O 8. Bb3 d5 9. exd5 Na5 10. h3 Nxb3 11. Nxb3 b6 12. Qd2 Bb7 13. Rd1 Qc7 14. d6 Qxd6 15. Qxd6 exd6 16. O-O Rfd8 17. a4 Ne4 18. Nxe4 Bxe4 19. Nd4 1/2-1/2

[Event "95th Caplin Hastings Congress"]
[Site "Hastings"]
[Date "2020.01.03"]
[Round "7.40"]
[White "Okhai, Shabir"]
[Black "Howell, Oliver W"]
[Result "1-0"]
[ECO "C18"]
[WhiteElo "2103"]
[BlackElo "1918"]
[Annotator "NA"]
[PlyCount "95"]
[EventDate "2019.12.28"]
[EventType "swiss"]
[EventCountry "ENG"]
[SourceTitle "playchess.com"]
[Source "ChessBase"]
[SourceQuality "1"]
[TimeControl "40/6600+30:3000+30"]

1. e4 e6 2. d4 d5 3. Nc3 Bb4 4. e5 Ne7 5. a3 Bxc3+ 6. bxc3 c5 7. Qg4 Qc7 8. Bd3 c4 9. Be2 Nf5 10. Bd1 Nc6 11. Ne2 Bd7 12. Ng3 Nce7 13. Nh5 O-O-O 14. Qh3 g6 15. Nf6 Ng8 16. Bg5 h6 17. Nxg8 Rdxg8 18. Bf6 Rh7 19. O-O Ng7 20. a4 Ne8 21. Be7 Bxa4 22. Bc5 b6 23. Rxa4 bxc5 24. Bg4 Qb6 25. dxc5 Qxc5 26. Bxe6+ Kd8 27. Bg4 Nc7 28. Rb1 Re8 29. Qf3 Ke7 30. Rb7 Kf8 31. Qf6 Qe7 32. g3 h5 33. Bf3 h4 34. Kf1 hxg3 35. hxg3 a6 36. Rxa6 Nxa6 37. Rxe7 Rxe7 38. Qxa6 Rxe5 39. Qa8+ Kg7 40. Bxd5 Rhh5 41. Bxc4 Rc5 42. Qe4 Rc7 43. Bd5 Kf8 44. c4 Re7 45. Qf3 Rf5 46. Qa3 Rfe5 47. c5 f5 48. c6 1-0

[Event "95th Caplin Hastings Congress"]
[Site "Hastings"]
[Date "2020.01.03"]
[Round "7.41"]
[White "Sugden, John N"]
[Black "Merriman, James"]
[Result "1-0"]
[ECO "E27"]
[WhiteElo "2065"]
[BlackElo "1885"]
[Annotator "NA"]
[PlyCount "102"]
[EventDate "2019.12.28"]
[EventType "swiss"]
[EventCountry "ENG"]
[SourceTitle "playchess.com"]
[Source "ChessBase"]
[SourceQuality "1"]
[TimeControl "40/6600+30:3000+30"]

1. d4 Nf6 2. c4 e6 3. Nc3 Bb4 4. f3 d5 5. a3 Bxc3+ 6. bxc3 O-O 7. cxd5 exd5 8. e3 Nh5 9. g3 c5 10. Bd3 Re8 11. Ne2 Bh3 12. Kf2 Qf6 13. Ng1 Bd7 14. Kg2 Qd6 15. g4 Nf6 16. Ne2 Nc6 17. Ng3 Be6 18. Qc2 g6 19. h4 c4 20. Be2 h5 21. gxh5 Nxh5 22. Nxh5 Bf5 23. Qd1 gxh5 24. Kf2 Na5 25. e4 dxe4 26. fxe4 Bxe4 27. Bf3 Nb3 28. Ra2 Nxc1 29. Qxc1 Bxf3 30. Qg5+ Qg6 31. Kxf3 Kh7 32. Qxg6+ fxg6 33. Re2 Rxe2 34. Kxe2 Rf8 35. Ke3 Re8+ 36. Kf3 Kg7 37. Rb1 Re7 38. Rb4 Rc7 39. Ke4 g5 40. hxg5 Kg6 41. d5 Re7+ 42. Kf4 Rf7+ 43. Ke5 Rf3 44. Rxc4 Kxg5 45. d6 Re3+ 46. Kd5 Rd3+ 47. Ke6 b5 48. Rc5+ Kf4 49. d7 h4 50. Rd5 Re3+ 51. Kf6 h3 1-0

[Event "95th Caplin Hastings Congress"]
[Site "Hastings"]
[Date "2020.01.03"]
[Round "7.42"]
[White "Salmons, Calum"]
[Black "Anuprita, Patil"]
[Result "1-0"]
[ECO "C44"]
[WhiteElo "1838"]
[BlackElo "2025"]
[Annotator "NA"]
[PlyCount "49"]
[EventDate "2019.12.28"]
[EventType "swiss"]
[EventCountry "ENG"]
[SourceTitle "playchess.com"]
[Source "ChessBase"]
[SourceQuality "1"]
[TimeControl "40/6600+30:3000+30"]

1. e4 e5 2. Nf3 Nc6 3. d4 exd4 4. Bc4 Bc5 5. c3 d3 6. O-O d6 7. Qxd3 Nf6 8. b4 Bb6 9. a4 a6 10. Bg5 h6 11. Bh4 Qe7 12. Nbd2 O-O 13. Rfe1 g5 14. e5 Ng4 15. Bg3 dxe5 16. h3 e4 17. Rxe4 Bf5 18. hxg4 Bxe4 19. Nxe4 Kg7 20. Re1 Rad8 21. Qc2 Qd7 22. Ba2 f6 23. Bb1 Rde8 24. Nc5 Rxe1+ 25. Nxe1 1-0

[Event "95th Caplin Hastings Congress"]
[Site "Hastings"]
[Date "2020.01.03"]
[Round "7.43"]
[White "Verma, Shlok"]
[Black "Varney, Zoe"]
[Result "1/2-1/2"]
[ECO "D60"]
[WhiteElo "1660"]
[BlackElo "2004"]
[Annotator "NA"]
[PlyCount "87"]
[EventDate "2019.12.28"]
[EventType "swiss"]
[EventCountry "ENG"]
[SourceTitle "playchess.com"]
[Source "ChessBase"]
[SourceQuality "1"]
[TimeControl "40/6600+30:3000+30"]

1. d4 d5 2. c4 e6 3. Nf3 Nf6 4. Nc3 c6 5. Bg5 Be7 6. e3 h6 7. Bh4 O-O 8. Bd3 Nbd7 9. cxd5 Nxd5 10. Bxe7 Qxe7 11. O-O Nxc3 12. bxc3 e5 13. Nd2 f5 14. Re1 Qf6 15. f3 Nb6 16. Nc4 Nxc4 17. Bxc4+ Kh8 18. Qd2 Be6 19. Bxe6 Qxe6 20. Qb2 b6 21. Rad1 Rad8 22. Qb3 Qxb3 23. axb3 exd4 24. exd4 Rfe8 25. Kf2 Kg8 26. Rxe8+ Rxe8 27. d5 cxd5 28. Rxd5 Rf8 29. Ke3 g6 30. Kd4 Rf7 31. Rd6 Kg7 32. c4 Re7 33. b4 g5 34. c5 bxc5+ 35. bxc5 Re2 36. Kd5 Rxg2 37. c6 Rxh2 38. c7 Rd2+ 39. Ke6 Rc2 40. Kd7 Rxc7+ 41. Kxc7 g4 42. f4 h5 43. Rd7+ Kg6 44. Rd6+ 1/2-1/2

[Event "95th Caplin Hastings Congress"]
[Site "Hastings"]
[Date "2020.01.03"]
[Round "7.44"]
[White "Rice, Chris B"]
[Black "Butt, Laurence"]
[Result "1-0"]
[ECO "A10"]
[WhiteElo "2027"]
[BlackElo "1694"]
[Annotator "NA"]
[PlyCount "85"]
[EventDate "2019.12.28"]
[EventType "swiss"]
[EventCountry "ENG"]
[SourceTitle "playchess.com"]
[Source "ChessBase"]
[SourceQuality "1"]
[TimeControl "40/6600+30:3000+30"]

1. c4 f5 2. g3 Nf6 3. Bg2 e6 4. Nf3 c6 5. O-O d5 6. d3 Bd7 7. Nc3 Be7 8. e4 fxe4 9. dxe4 dxc4 10. Qe2 b5 11. e5 Nd5 12. h4 O-O 13. Bg5 h6 14. Bxe7 Qxe7 15. a4 a6 16. Nd4 Ra7 17. axb5 Nxc3 18. bxc3 cxb5 19. Be4 Qc5 20. Rfd1 a5 21. Qh5 Be8 22. Qe2 Bf7 23. Bb1 Nd7 24. Qe4 g6 25. f4 Re8 26. Kg2 Nf8 27. Qf3 b4 28. Nc6 Ra6 29. Rd6 bxc3 30. Be4 Qb5 31. Qxc3 a4 32. Rb1 Qc5 33. Rb4 a3 34. Rxc4 Qb5 35. Nd4 Qb2+ 36. Qxb2 axb2 37. Rxa6 Rb8 38. Bb1 Be8 39. Ra2 Nd7 40. Rc2 Rb4 41. Ne2 g5 42. Rcxb2 Rc4 43. Ra8 1-0

[Event "95th Caplin Hastings Congress"]
[Site "Hastings"]
[Date "2020.01.03"]
[Round "7.46"]
[White "Ortiz Sanchez, Luis"]
[Black "Gisbert Mir, Alejandro"]
[Result "1-0"]
[ECO "A13"]
[WhiteElo "1947"]
[BlackElo "1835"]
[Annotator "NA"]
[PlyCount "49"]
[EventDate "2019.12.28"]
[EventType "swiss"]
[EventCountry "ENG"]
[SourceTitle "playchess.com"]
[Source "ChessBase"]
[SourceQuality "1"]
[TimeControl "40/6600+30:3000+30"]

1. Nf3 Nf6 2. b3 d5 3. Bb2 e6 4. e3 c5 5. c4 Be7 6. cxd5 exd5 7. d4 b6 8. Bb5+ Bd7 9. Bxd7+ Nbxd7 10. O-O O-O 11. Nc3 Rc8 12. dxc5 Nxc5 13. Rc1 Nce4 14. Nd4 Bb4 15. Qd3 Qd7 16. Nf3 Rfd8 17. Rfd1 Nc5 18. Qd4 Bxc3 19. Bxc3 Qg4 20. Qxg4 Nxg4 21. h3 Ne4 22. Be1 Ngf6 23. Nd4 a5 24. Nc6 Re8 25. Ne7+ 1-0

[Event "95th Caplin Hastings Congress"]
[Site "Hastings"]
[Date "2020.01.03"]
[Round "7.47"]
[White "Byrn, Carsten"]
[Black "Wilson, Matthew R"]
[Result "1-0"]
[ECO "A27"]
[WhiteElo "1919"]
[BlackElo "1837"]
[Annotator "NA"]
[PlyCount "91"]
[EventDate "2019.12.28"]
[EventType "swiss"]
[EventCountry "ENG"]
[SourceTitle "playchess.com"]
[Source "ChessBase"]
[SourceQuality "1"]
[TimeControl "40/6600+30:3000+30"]

1. c4 e5 2. g3 Nc6 3. Nc3 f5 4. Nf3 Nf6 5. d4 e4 6. Nh4 d5 7. Bg5 Bb4 8. e3 O-O 9. Rc1 Ne7 10. Bxf6 Rxf6 11. Ng2 c6 12. h4 Be6 13. Qb3 Bxc3+ 14. Rxc3 dxc4 15. Bxc4 Bxc4 16. Rxc4 Qa5+ 17. Rc3+ Nd5 18. Nf4 Rf7 19. Nxd5 Qxd5 20. Qxd5 cxd5 21. Kd2 h5 22. Rhc1 Rd7 23. Rc8+ Rxc8 24. Rxc8+ Kf7 25. Kc3 Ke6 26. Kb4 b6 27. Kb5 Kd6 28. Rc6+ Ke7 29. Rg6 Kf7 30. Kc6 Re7 31. Rd6 Re8 32. Kxd5 g6 33. Rd7+ Kf6 34. Rc7 Rd8+ 35. Kc6 g5 36. d5 Ke5 37. Re7+ Kf6 38. Re6+ Kf7 39. hxg5 Rc8+ 40. Kd6 Rc2 41. Rf6+ Kg7 42. Rxf5 Rxb2 43. Ke6 Rxa2 44. d6 a5 45. d7 Rd2 46. Rd5 1-0

[Event "95th Caplin Hastings Congress"]
[Site "Hastings"]
[Date "2020.01.03"]
[Round "7.48"]
[White "Jukes, Sam"]
[Black "Bryant, Marc A"]
[Result "1-0"]
[ECO "C55"]
[WhiteElo "1926"]
[BlackElo "1823"]
[Annotator "NA"]
[PlyCount "116"]
[EventDate "2019.12.28"]
[EventType "swiss"]
[EventCountry "ENG"]
[SourceTitle "playchess.com"]
[Source "ChessBase"]
[SourceQuality "1"]
[TimeControl "40/6600+30:3000+30"]

1. e4 e5 2. Nf3 Nc6 3. Bc4 Nf6 4. d3 h6 5. c3 d5 6. exd5 Nxd5 7. O-O Bg4 8. Re1 Qd6 9. Nbd2 f6 10. Ne4 Qd7 11. h3 Bh5 12. Ng3 Bf7 13. d4 Nb6 14. Bxf7+ Kxf7 15. Qb3+ Qe6 16. Qxe6+ Kxe6 17. dxe5 Nxe5 18. Nxe5 fxe5 19. Be3 Nc4 20. b3 Nxe3 21. Rxe3 Bc5 22. Re2 Rhf8 23. Rae1 Kd7 24. Ne4 Bb6 25. Nd2 Rf5 26. Nf3 Re8 27. Rxe5 Rexe5 28. Rxe5 Rxe5 29. Nxe5+ Ke6 30. Nd3 c6 31. g4 Kd5 32. Kf1 Ke4 33. Ke2 g5 34. f3+ Kd5 35. f4 gxf4 36. Kf3 Ke6 37. Kxf4 Bc7+ 38. Ke4 Kf6 39. Nf4 Bd6 40. c4 a5 41. Ne2 Bc5 42. Ng3 Kg5 43. Kf3 Ba3 44. Nf5 b5 45. cxb5 cxb5 46. Nd4 Bb4 47. Nxb5 Kh4 48. Kg2 h5 49. gxh5 Kxh5 50. Nd4 Bc3 51. Nc6 Kg5 52. Kf3 Kf5 53. Ke3 Ke6 54. Kd3 Be1 55. Kc4 a4 56. b4 Kd6 57. Kb5 a3 58. Na5 Kd5 1-0

[Event "95th Caplin Hastings Congress"]
[Site "Hastings"]
[Date "2020.01.03"]
[Round "7.49"]
[White "Faulks, Nick"]
[Black "Khoo-Thwe, Louis"]
[Result "0-1"]
[ECO "C33"]
[WhiteElo "1900"]
[BlackElo "1654"]
[Annotator "NA"]
[PlyCount "50"]
[EventDate "2019.12.28"]
[EventType "swiss"]
[EventCountry "ENG"]
[SourceTitle "playchess.com"]
[Source "ChessBase"]
[SourceQuality "1"]
[TimeControl "40/6600+30:3000+30"]

1. e4 e5 2. f4 exf4 3. Bc4 Qh4+ 4. Kf1 Qe7 5. Nc3 Nf6 6. d3 g5 7. h4 d5 8. Bxd5 Bg4 9. Nf3 c6 10. Bb3 Nh5 11. Ne2 f6 12. Kf2 Nd7 13. Re1 O-O-O 14. Nh2 Bxe2 15. Rxe2 Ng3 16. Re1 Ne5 17. d4 c5 18. c3 cxd4 19. cxd4 Qb4 20. Nf3 Nxf3 21. Kxf3 Rxd4 22. Qc2+ Kb8 23. Qc3 Qxc3+ 24. bxc3 Rd3+ 25. Kf2 Bc5+ 0-1

[Event "95th Caplin Hastings Congress"]
[Site "Hastings"]
[Date "2020.01.03"]
[Round "7.50"]
[White "Ruane, Brendan J"]
[Black "Sandhu, Manvith"]
[Result "1-0"]
[ECO "A07"]
[WhiteElo "1865"]
[BlackElo "1747"]
[Annotator "NA"]
[PlyCount "74"]
[EventDate "2019.12.28"]
[EventType "swiss"]
[EventCountry "ENG"]
[SourceTitle "playchess.com"]
[Source "ChessBase"]
[SourceQuality "1"]
[TimeControl "40/6600+30:3000+30"]

1. Nf3 d5 2. d3 Nf6 3. g3 c6 4. Bg2 Bf5 5. Nbd2 e6 6. O-O Be7 7. b3 O-O 8. Bb2 h6 9. Qe1 Bh7 10. e4 Nbd7 11. Qe2 Nc5 12. Ne1 a5 13. a4 Kh8 14. Kh1 Re8 15. f4 Qc7 16. Bf3 Kg8 17. Ng2 Rad8 18. Rae1 Qb8 19. Qf2 Na6 20. g4 Nb4 21. Bd1 Nd7 22. g5 h5 23. Qf3 dxe4 24. dxe4 Nc5 25. Qc3 Bf8 26. Bf3 Qd6 27. Nc4 Qc7 28. Re2 Bg6 29. Ne5 Bh7 30. Nh4 Nd7 31. Bxh5 Nxe5 32. fxe5 Rd7 33. g6 fxg6 34. Bxg6 Bxg6 35. Nxg6 Rf7 36. Ref2 Rxf2 37. Rxf2 Kh7 1-0

[Event "95th Caplin Hastings Congress"]
[Site "Hastings"]
[Date "2020.01.03"]
[Round "7.51"]
[White "Metcalfe, Charlie P"]
[Black "Brouwer, Willem"]
[Result "1-0"]
[ECO "D26"]
[WhiteElo "1816"]
[BlackElo "1662"]
[Annotator "NA"]
[PlyCount "47"]
[EventDate "2019.12.28"]
[EventType "swiss"]
[EventCountry "ENG"]
[SourceTitle "playchess.com"]
[Source "ChessBase"]
[SourceQuality "1"]
[TimeControl "40/6600+30:3000+30"]

1. d4 d5 2. c4 dxc4 3. Nf3 Nf6 4. e3 e6 5. Bxc4 c5 6. O-O cxd4 7. exd4 Be7 8. Nc3 O-O 9. Qe2 Nc6 10. Rd1 Qc7 11. Ne5 Nxe5 12. dxe5 Nd7 13. Bf4 a6 14. Rac1 Qa5 15. Rd3 b5 16. Rh3 g6 17. Bd3 Bb7 18. Qe3 Bc5 19. Qg3 Be7 20. Bg5 Bxg5 21. Qxg5 f5 22. Qe7 Rf7 23. Qxe6 Re8 24. Qxe8+ 1-0

[Event "95th Caplin Hastings Congress"]
[Site "Hastings"]
[Date "2020.01.03"]
[Round "7.52"]
[White "Flynn, David"]
[Black "Kumar, Soham"]
[Result "1/2-1/2"]
[ECO "B22"]
[WhiteElo "1853"]
[BlackElo "1598"]
[Annotator "NA"]
[PlyCount "84"]
[EventDate "2019.12.28"]
[EventType "swiss"]
[EventCountry "ENG"]
[SourceTitle "playchess.com"]
[Source "ChessBase"]
[SourceQuality "1"]
[TimeControl "40/6600+30:3000+30"]

1. e4 c5 2. c3 Nf6 3. e5 Nd5 4. Nf3 e6 5. Bc4 Nb6 6. Bb3 c4 7. Bc2 Nc6 8. d4 cxd3 9. Qxd3 Qc7 10. Qe2 Be7 11. O-O d6 12. exd6 Bxd6 13. Nbd2 Bd7 14. Ne4 Be7 15. Rd1 O-O-O 16. a3 h6 17. b4 g5 18. c4 g4 19. Ne1 Rhg8 20. Bb2 Rdf8 21. Nf6 Bxf6 22. Bxf6 Qf4 23. Bh4 Nd4 24. Qe4 Qxe4 25. Bxe4 Ne2+ 26. Kf1 Nc3 27. Bh7 Nxd1 28. Bxg8 Rxg8 29. Rxd1 Nxc4 30. Rc1 b5 31. Nd3 Kb8 32. Bg3+ Ka8 33. Ne5 Nxe5 34. Bxe5 Rc8 35. Rxc8+ Bxc8 36. Ke2 Kb7 37. Ke3 Kc6 38. Bg7 h5 39. Ke4 f5+ 40. Ke5 Bd7 41. g3 a6 42. Bf6 Bc8 {[%emt 0:00:40] Ke4} 1/2-1/2

[Event "95th Caplin Hastings Congress"]
[Site "Hastings"]
[Date "2020.01.03"]
[Round "7.54"]
[White "Zheng, Harry Z"]
[Black "Kumar, Sanjit S"]
[Result "1-0"]
[ECO "C54"]
[WhiteElo "1823"]
[BlackElo "1681"]
[Annotator "NA"]
[PlyCount "101"]
[EventDate "2019.12.28"]
[EventType "swiss"]
[EventCountry "ENG"]
[SourceTitle "playchess.com"]
[Source "ChessBase"]
[SourceQuality "1"]
[TimeControl "40/6600+30:3000+30"]

1. e4 e5 2. Nf3 Nc6 3. Bc4 Nf6 4. d3 Bc5 5. c3 d6 6. O-O O-O 7. Nbd2 a6 8. Bb3 Be6 9. h3 Qd7 10. Bxe6 fxe6 11. Re1 Rae8 12. Nb3 Ba7 13. d4 exd4 14. cxd4 e5 15. d5 Ne7 16. Bd2 h6 17. Rc1 Ng6 18. Qc2 Re7 19. Na5 Ref7 20. Nxb7 Nh5 21. Qc6 Qc8 22. Nxd6 cxd6 23. Qxc8 Rxc8 24. Rxc8+ Nf8 25. Rec1 Nf4 26. Bxf4 Rxf4 27. R1c7 Bc5 28. Rb7 Rxe4 29. Rcc7 Re2 30. Rxg7+ Kh8 31. Rgf7 Kg8 32. Nh4 Re1+ 33. Kh2 Re2 34. Kg3 Bxf2+ 35. Rxf2 Rxf2 36. Kxf2 Nh7 37. Nf5 Nf6 38. Nxh6+ Kh8 39. Nf7+ Kg8 40. Nxd6 e4 41. Nf5 Nxd5 42. h4 e3+ 43. Nxe3 Nf4 44. g4 Ng6 45. h5 Ne5 46. g5 Nf7 47. g6 Ne5 48. Nf5 Ng4+ 49. Kg3 Nf6 50. Rb8+ Ne8 51. Rxe8# 1-0

[Event "95th Caplin Hastings Congress"]
[Site "Hastings"]
[Date "2020.01.03"]
[Round "7.55"]
[White "Ratnesan, Radha"]
[Black "Cresswell, Mike J"]
[Result "1-0"]
[ECO "A57"]
[WhiteElo "1487"]
[BlackElo "1662"]
[Annotator "NA"]
[PlyCount "69"]
[EventDate "2019.12.28"]
[EventType "swiss"]
[EventCountry "ENG"]
[SourceTitle "playchess.com"]
[Source "ChessBase"]
[SourceQuality "1"]
[TimeControl "40/6600+30:3000+30"]

1. d4 Nf6 2. c4 c5 3. d5 b5 4. cxb5 a6 5. f3 g6 6. e4 d6 7. Na3 Bg7 8. Ne2 O-O 9. Nc3 axb5 10. Ncxb5 Na6 11. Be2 Ne8 12. O-O Nec7 13. Nxc7 Nxc7 14. Nc4 Nb5 15. Be3 Nd4 16. Bxd4 Bxd4+ 17. Kh1 Ba6 18. Qc2 Qc7 19. Rab1 Rfb8 20. b3 Qa7 21. a4 Bxc4 22. Bxc4 Rb4 23. Rfe1 Be5 24. Qf2 Qb6 25. Rbd1 Bc3 26. Re2 Rb8 27. f4 Rxb3 28. Bxb3 Qxb3 29. Rc1 Bd4 30. Qh4 Bf6 31. Qg3 Qxa4 32. e5 dxe5 33. fxe5 Rb3 34. Qf2 Qa3 35. Rf1 1-0

[Event "95th Caplin Hastings Congress"]
[Site "Hastings"]
[Date "2020.01.03"]
[Round "7.56"]
[White "Dewangan, Aayush"]
[Black "Liu, Tianyi"]
[Result "0-1"]
[ECO "B48"]
[WhiteElo "1492"]
[BlackElo "1307"]
[Annotator "NA"]
[PlyCount "40"]
[EventDate "2019.12.28"]
[EventType "swiss"]
[EventCountry "ENG"]
[SourceTitle "playchess.com"]
[Source "ChessBase"]
[SourceQuality "1"]
[TimeControl "40/6600+30:3000+30"]

1. e4 c5 2. Nf3 e6 3. d4 cxd4 4. Nxd4 Nf6 5. Nc3 Nc6 6. Be3 Qc7 7. Qd2 a6 8. O-O-O Bb4 9. f3 O-O 10. g4 Qa5 11. Nde2 Ne5 12. Qe1 Nc4 13. Bd2 Ba3 14. Kb1 Bxb2 15. Nd5 Qb5 16. Ne7+ Kh8 17. a4 Qxa4 18. c3 Qb3 19. Ng6+ fxg6 20. Nd4 Na3# 0-1

[Event "95th Caplin Hastings Congress"]
[Site "Hastings"]
[Date "2020.01.03"]
[Round "7.57"]
[White "Stoyanov, Boris"]
[Black "Lakshmi Raja Perumal K"]
[Result "0-1"]
[ECO "C46"]
[WhiteElo "1416"]
[BlackElo "1492"]
[Annotator "NA"]
[PlyCount "104"]
[EventDate "2019.12.28"]
[EventType "swiss"]
[EventCountry "ENG"]
[SourceTitle "playchess.com"]
[Source "ChessBase"]
[SourceQuality "1"]
[TimeControl "40/6600+30:3000+30"]

1. e4 e5 2. Nf3 Nc6 3. Nc3 d6 4. Be2 Be6 5. d3 h6 6. Be3 Nf6 7. h3 d5 8. exd5 Nxd5 9. Nxd5 Bxd5 10. c4 Bb4+ 11. Bd2 Bxd2+ 12. Qxd2 Bxf3 13. Bxf3 Qd6 14. O-O O-O 15. Rad1 Rab8 16. Rfe1 Nd4 17. Re3 c6 18. Rde1 Rbe8 19. Bd1 Re6 20. Qa5 b5 21. Qxa7 bxc4 22. dxc4 c5 23. Bf3 f5 24. Bd5 e4 25. Rg3 Rf7 26. Qa8+ Kh7 27. Bxe6 Qxe6 28. Qd5 Qe7 29. f3 e3 30. f4 e2 31. Kf2 Qc7 32. Qe5 Qa5 33. Ra3 Qd2 34. Rxe2 Nxe2 35. Qxe2 Qxf4+ 36. Rf3 Qd4+ 37. Kf1 Ra7 38. a3 Rb7 39. Rf2 Rxb2 40. Qe1 Qxc4+ 41. Kg1 Qd4 42. g3 Ra2 43. Kg2 Qd5+ 44. Kh2 Rxa3 45. Qb1 Rd3 46. g4 Qd6+ 47. Kg2 Qg3+ 48. Kf1 Qxh3+ 49. Ke1 Qh1+ 50. Rf1 Qe4+ 51. Kf2 Rf3+ 52. Kg1 Qxg4+ 0-1

[Event "95th Caplin Hastings Congress"]
[Site "Hastings"]
[Date "2020.01.04"]
[Round "8.1"]
[White "Sengupta, Deep"]
[Black "Panchanathan, Magesh Chandran"]
[Result "0-1"]
[ECO "C59"]
[WhiteElo "2550"]
[BlackElo "2482"]
[Annotator "ChessBase"]
[PlyCount "60"]
[EventDate "2019.12.28"]
[EventType "swiss"]
[EventCountry "ENG"]
[SourceTitle "playchess.com"]
[Source "ChessBase"]
[SourceQuality "1"]
[TimeControl "40/6600+30:3000+30"]

1. e4 e5 2. Nf3 Nc6 3. Bc4 Nf6 4. Ng5 d5 5. exd5 Na5 6. Bb5+ c6 7. dxc6 bxc6 8. Be2 h6 9. Nh3 Bc5 10. d3 O-O 11. O-O Nb7 12. Nc3 Bd4 13. Kh1 Nd6 14. Ng1 Re8 15. Na4 Nf5 16. Nf3 Ba6 17. Nxd4 Qxd4 18. c3 Qd6 19. Be3 Rad8 20. Bxa7 e4 21. d4 Bxe2 22. Qxe2 h5 23. Bc5 Qf4 24. Nb6 Qh4 25. Kg1 Re6 26. Nc4 Nd5 27. g3 Qh3 28. Kh1 h4 29. Rg1 Rh6 30. Qf1 Qxh2+ 0-1